 Dungeon Crawl Stone Soup version 0.30.1-3-gfc49f6343a (webtiles) character file.

Game seed: 367771772135436604

13083 H0rd4k the Covert (level 12, -6/75 HPs)
             Began as an Octopode Artificer on July 18, 2023.
             Was an Initiate of Gozag.
             Mangled by a komodo dragon (24 damage)
             ... on level 1 of the Lair of Beasts.
             The game lasted 00:30:45 (15560 turns).

H0rd4k the Covert (Octopode Artificer)             Turns: 15560, Time: 00:30:45

Health: -6/75      AC:  2    Str: 16    XL:     12   Next: 2%
Magic:  15/18      EV: 19    Int: 21    God:    Gozag
Gold:   776        SH:  5    Dex: 28    Spells: 14/19 levels left

rFire   + +          .
                       - Unarmed
rCold   + + +        (no shield)
rNeg    + + .        b - +1 hat "Yddimiss" {rC++ rCorr Int+2}
rPois   +            M - amulet of Nunoer {Reflect rC+ Dex+3 SH+5}
rElec   .            k - ring of protection from fire
rCorr   +            l - ring of positive energy
SInv    +            r - +6 ring of dexterity
Will    +....        d - +6 ring of dexterity
Stlth   ++++++       F - ring "Azirog" {+Blink rF+ rN+ Str+4}
HPRegen 0.32/turn    S - ring "Huiruefu" {*Corrode rPois rC+ Will+ Int+2}
MPRegen 0.16/turn    R - ring of see invisible
                     (no ring)

%: corrode self (3%), reflection
@: lethally poisoned (-6 -> -14), about to teleport, gold aura
A: almost no armour, amphibious, 8 rings, camouflage 1, gelatinous body 1,
(nimble swimmer 1), tentacles
a: Renounce Religion, Evoke Blink, Potion Petition, Call Merchant, Bribe Branch


You were on level 1 of the Lair of Beasts.
You worshipped Gozag.
Gozag was pleased with you.
You visited 2 branches of the dungeon, and saw 13 of its levels.
You also visited: Sewer.

You collected 2401 gold pieces.
You spent 1582 gold pieces at shops.
You paid 43 gold pieces to Gozag.

Inventory:

Hand Weapons
 O - the +9 hand axe of the Sage {heavy, Int+2 Stlth+}
   (You found it on level 9 of the Dungeon)

   Int:       It affects your intelligence (+2).
   Stlth:     It makes you more stealthy.
Missiles
 h - 2 curare-tipped darts
 B - 20 poisoned darts (quivered)
Armour
 b - the +1 hat "Yddimiss" (worn) {rC++ rCorr Int+2}
   (You acquired it on level 10 of the Dungeon)

   Int:       It affects your intelligence (+2).
   rC:        It greatly protects you from cold.
   rCorr:     It protects you from acid and corrosion.
Magical Staves
 e - a staff of air
 H - a staff of earth
Jewellery
 d - a +6 ring of dexterity (on tentacle)
 k - a ring of protection from fire (left tentacle)
 l - a ring of positive energy (right tentacle)
 n - a ring of fire
 r - a +6 ring of dexterity (on tentacle)
 u - an amulet of guardian spirit
 C - an amulet of the acrobat
 F - the ring "Azirog" (on tentacle) {+Blink rF+ rN+ Str+4}
   (You bought it in a shop on level 4 of the Dungeon)

   [ring of positive energy]

   Str:       It affects your strength (+4).
   rF:        It protects you from fire.
   rN:        It protects you from negative energy.
   +Blink:    It lets you blink.
 K - a ring of protection from fire
 M - the amulet of Nunoer (around mantle) {Reflect rC+ Dex+3 SH+5}
   (You bought it in a shop on level 4 of the Dungeon)

   [amulet of reflection]

   It reflects blocked missile attacks.
   Dex:       It affects your dexterity (+3).
   rC:        It protects you from cold.
   SH:        It affects your SH (+5).
 R - a ring of see invisible (on tentacle)
 S - the ring "Huiruefu" (on tentacle) {*Corrode rPois rC+ Will+ Int+2}
   (You bought it in a shop on level 10 of the Dungeon)

   [ring of poison resistance]

   Int:       It affects your intelligence (+2).
   rC:        It protects you from cold.
   rPois:     It protects you from poison.
   *Corrode:  It may corrode you when you take damage.
   Will:      It increases your willpower.
Wands
 N - a wand of digging (6)
 Q - a wand of flame (5)
Scrolls
 i - 2 scrolls of enchant weapon
 m - a scroll of poison
 o - a scroll of brand weapon
 p - 4 scrolls of teleportation
 v - 4 scrolls of amnesia
 w - 2 scrolls of fog
 y - a scroll of torment
 z - a scroll of magic mapping
 J - a scroll of butterflies {unknown}
 L - 2 scrolls of vulnerability
 P - a scroll of enchant armour {unknown}
Potions
 a - 4 potions of lignification {unknown}
 f - 5 potions of heal wounds {unknown}
 g - a potion of berserk rage {unknown}
 j - 4 potions of mutation {unknown}
 s - 3 potions of curing {unknown}
 t - 2 potions of cancellation {unknown}
 x - 2 potions of brilliance {unknown}
 A - a potion of magic {unknown}
 D - 4 potions of attraction {unknown}
 E - a potion of resistance {unknown}
 G - a potion of might {unknown}
 T - a potion of flight {unknown}


   Skills:
 + Level 4.3 Fighting
 + Level 8.0 Throwing
 - Level 6.6 Dodging
 - Level 10.9 Stealth
 - Level 1.0 Shields
 - Level 10.4 Unarmed Combat
 * Level 4.2 Spellcasting
 + Level 0.5 Hexes
 * Level 2.0 Transmutations
 * Level 1.9 Earth Magic
 + Level 7.3 Evocations


You had 14 spell levels left.
You knew the following spells:

 Your Spells              Type           Power      Damage    Failure   Level
a - Confusing Touch       Hex            6%         N/A       28%         3
b - Passwall              Tmut/Erth      10%        N/A       8%          2

Your spell library contained the following spells:

 Spells                   Type           Power      Damage    Failure   Level
 Sandblast                Erth           24%        2d8       5%          1
 Slow                     Hex            24%        N/A       10%         1
 Kiss of Death            Conj/Necr      16%        2d6       12%         1
 Ensorcelled Hibernation  Hex/Ice        10%        N/A       16%         2
 Sublimation of Blood     Necr           4%         N/A       19%         2
 Stone Arrow              Conj/Erth      16%        3d8       24%         3
 Inner Flame              Hex/Fire       5%         N/A       32%         3
 Summon Guardian Golem    Hex/Summ       5%         N/A       32%         3
 Swiftness                Air            4%         N/A       34%         3
 Vampiric Draining        Necr           4%         2d6       34%         3
 Petrify                  Tmut/Erth      12%        N/A       45%         4
 Flame Wave               Conj/Fire      4%         2d5       75%         4
 Sticky Flame             Conj/Fire      4%         2d3       75%         4
 Blade Hands              Tmut           6%         N/A       80%         5
 Irradiate                Conj/Tmut      4%         3d13      91%         5
 Dragon Form              Tmut           6%         N/A       100%        7
 Orb of Destruction       Conj           2%         9d5       100%        7
 Spellforged Servitor     Conj/Summ      2%         N/A       100%        7


Dungeon Overview and Level Annotations

Branches:
Dungeon (12/15)            Temple (0/1) D:5            Lair (1/5) D:11
    Orc (0/2) D:9           Sewer (visited)

Altars:
Ashenzari
Cheibriados
Dithmenos
Elyvilon
Gozag
Qazlal
Wu Jian

Shops:
D:4 =   D:8 !   D:10 =

Annotations:
D:3 jaiteiro's ghost, amateur VSFi
D:4 exclusion: upstairs
D:6 exclusions: downstairs and steam dragon
D:7 exclusion: downstairs
D:8 exclusion: downstairs
D:9 2 transporters, exclusion: 2 downstairs, Nr616's ghost, novice MiFi
D:10 exclusion: 2 downstairs
D:11 exclusions: 2 death yaks and downstairs
D:12 exclusion: upstairs


Innate Abilities, Weirdness & Mutations

You cannot wear most types of armour.
You are amphibious.
You can wear up to eight rings at the same time.
Your skin changes colour to match your surroundings (Stealth+).
Your rubbery body absorbs attacks. (AC +1, EV +1)
((You are camouflaged when in or above water. (Stealth+)))
You have tentacles for arms and can constrict up to eight enemies at once.


Message History

The komodo dragon looks as sick as possible!
The black mamba poisons the komodo dragon!
Aiming: Charm
Press: ? - help, Shift-Dir - straight line, f/p - komodo dragon
Aim: a komodo dragon (lightly wounded, extremely poisoned, chance to affect: 49%)
The black mamba struggles to resist.
You constrict the black mamba.
You feel very sick. The black mamba barely misses you.
The black mamba bites the komodo dragon.
The komodo dragon looks as sick as possible!
The black mamba poisons the komodo dragon!
Aiming: Charm
Press: ? - help, Shift-Dir - straight line, f/p - komodo dragon
Aim: a komodo dragon (moderately wounded, extremely poisoned, chance to affect: 49%)
The black mamba is charmed.
You release your grip on your black mamba.
The now-empty wand crumbles to dust.
You feel very sick.
Your black mamba closely misses you.
Your black mamba bites itself!
Your black mamba is killed!
Your Throwing skill increases to level 8!
Your Transmutations skill increases to level 2!
You have reached level 12!
Unknown command.
Unknown command.
Aiming: Dig
Press: ? - help, Shift-Dir - straight line, f - you, p - komodo dragon Please select a direction to dig.
Okay, then.
Unknown command.
Okay, then.
Unknown command.
As you read the scroll of teleportation, it crumbles to dust.
You feel strangely unstable.
You feel very sick. You block the komodo dragon's attack.
The komodo dragon attacks as you move away!
The komodo dragon bites you!!
You die...
Your body crumbles into a pile of gold.

#.###..####....##.
#.................
#.................
#.................
#.................
#.................
#...).............
#l#######P........
#@########......##
#.##....##......#
##.......##......##
#P.##.....#......#
##.##..####......#
#..#.####.......##
#.................
#....>............
#.................


You could see a komodo dragon (extremely poisoned).

Vanquished Creatures
  A two-headed ogre (D:11)
  A manticore (D:10)
  2 cyclopes
  2 black mambas (Lair:1)
  A cane toad (Lair:1)
  A komodo dragon (D:12)
  A polar bear (D:9)
  A hornet (D:10)
  4 trolls
  Grinder (D:6)
  A slime creature (D:12)
  2 wraiths
  3 wyverns
  2 unseen horror simulacra (D:9)
  7 yaks
  4 shadows
  A basilisk (Lair:1)
  A steam dragon (D:9)
  2 acid dragons
  A water moccasin (Sewer)
  5 orc warriors
  A sky beast (D:7)
  6 ice beasts
  2 wolves (D:9)
  5 centaurs
  3 phantoms (D:5)
  A kobold brigand (D:6)
  4 bullfrogs
  A scorpion (D:7)
  9 wights
  10 killer bees
  A vampire bat (D:5)
  An orc priest (D:6)
  3 hounds
  A sleepcap (D:7)
  Terence (D:3)
  11 orc wizards
  6 iguanas
  A centaur simulacrum (D:9)
  Robin (D:3)
  7 adders
  4 gnolls (D:4)
  2 shadow imps (D:7)
  3 white imps
  2 ufetubi
  2 worms (D:6)
  5 dart slugs
  3 fire bats (D:5)
  23 orcs
  2 spectral bats (D:5)
  17 bats
  3 bat skeletons (D:5)
  A bat zombie (D:5)
  9 endoplasms
  2 giant cockroaches
  6 hobgoblins
  2 jackals (D:4)
  13 kobolds
  7 quokkas
  14 ball pythons
  A bat simulacrum (D:5)
  3 frilled lizards
  20 goblins
  9 rats
272 creatures vanquished.

Vanquished Creatures (collateral kills)
  A two-headed ogre (D:10)
  A gargoyle (D:11)
  An ogre (D:6)
  A bullfrog (D:7)
  5 wights (D:7)
  2 killer bees (D:7)
  An electric eel (D:9)
  An orc wizard (D:8)
  An iguana (D:4)
  2 white imps
  8 orcs
  A jackal (Sewer)
  A kobold (D:4)
26 creatures vanquished.

Vanquished Creatures (others)
  2 orc warriors
  An ice beast (D:9)
  A sky beast (D:7)
  A wight (D:7)
  A killer bee (D:7)
  2 orc priests
  An adder (D:4)
9 creatures vanquished.

Grand Total: 307 creatures vanquished

Notes
Turn   | Place    | Note
-------+----------+-------------------------------------------
     0 | D:1      | H0rd4k the Octopode Artificer began the quest for the Orb.
     0 | D:1      | Reached XP level 1. HP: 13/13 MP: 1/1
   185 | D:1      | Reached XP level 2. HP: 16/18 MP: 2/2
   472 | D:1      | Found a faded altar of an unknown god.
   491 | D:1      | Got Plato's Grimoire of Bruises
   507 | D:1      | Reached XP level 3. HP: 19/23 MP: 3/3
  1166 | D:2      | Reached XP level 4. HP: 11/28 MP: 4/4
  1281 | D:2      | Reached skill level 1 in Unarmed Combat
  1923 | D:3      | Noticed Terence
  1927 | D:3      | Killed Terence
  1928 | D:3      | Reached XP level 5. HP: 33/33 MP: 5/5
  1950 | D:3      | Found a runed translucent door.
  1950 | D:3      | Noticed jaiteiro's ghost (amateur VSFi)
  2241 | D:3      | Noticed Robin
  2491 | D:4      | Reached XP level 6. HP: 38/38 MP: 6/6
  2616 | D:4      | Reached skill level 5 in Stealth
  2982 | D:4      | Found Heecanke's Jewellery Shop.
  3117 | D:4      | Found an ornate altar of the Wu Jian Council.
  3119 | D:4      | Found a stormy altar of Qazlal.
  3123 | D:4      | Found an opulent altar of Gozag.
  3123 | D:4      | Found a broken altar of Ashenzari.
  3129 | D:4      | Became a worshipper of Gozag Ym Sagoz the Greedy
  3181 | D:5      | Entered Level 5 of the Dungeon
  3284 | D:5      | Reached XP level 7. HP: 26/43 MP: 3/7
  3700 | D:5      | Found a snail-covered altar of Cheibriados.
  3703 | D:5      | Found a shadowy altar of Dithmenos.
  3707 | D:5      | Found a white marble altar of Elyvilon.
  3745 | D:5      | Found a staircase to the Ecumenical Temple.
  4400 | D:3      | Killed Robin
  4930 | D:6      | Noticed Grinder
  4959 | D:6      | Reached XP level 8. HP: 46/50 MP: 8/8
  5107 | D:6      | Reached skill level 5 in Unarmed Combat
  5167 | D:6      | Found a glowing drain.
  5203 | Sewer    | Entered a sewer
  5973 | D:6      | Killed Grinder
  5974 | D:6      | Reached skill level 5 in Evocations
  6570 | D:7      | Reached XP level 9. HP: 50/55 MP: 9/9
  6574 | D:7      | Reached skill level 1 in Throwing
  6610 | D:7      | Reached skill level 5 in Dodging
  7809 | D:8      | Found Ysuud's Distillery.
  8237 | D:8      | Reached XP level 10. HP: 63/63 MP: 10/10
  9250 | D:4      | Bought the ring "Azirog" {+Blink rF+ rN+ Str+4} for 494
                  | gold pieces
  9250 | D:4      | Bought the amulet of Nunoer {Reflect rC+ Dex+3 SH+5} for
                  | 503 gold pieces
  9377 | D:9      | Reached skill level 10 in Stealth
 10091 | D:9      | Noticed a cyclops
 10270 | D:9      | Found a staircase to the Orcish Mines.
 10333 | D:9      | Reached skill level 10 in Unarmed Combat
 10644 | D:9      | Found a transporter.
 10644 | D:9      | Found a transporter.
 10644 | D:9      | Noticed Nr616's ghost (novice MiFi)
 10996 | D:9      | Reached skill level 1 in Shields
 11143 | D:9      | Identified the +9 hand axe of the Sage {heavy, Int+2
                  | Stlth+}
 11176 | D:10     | Entered Level 10 of the Dungeon
 11190 | D:10     | Reached XP level 11. HP: 67/67 MP: 11/11
 11204 | D:10     | Noticed a two-headed ogre
 11244 | D:10     | Noticed a manticore
 11361 | D:10     | Reached skill level 1 in Spellcasting
 11538 | D:10     | Identified the +2 ring mail "Qeaxkedd" {rElec}
 11559 | D:10     | Killed a two-headed ogre
 11560 | D:10     | Reached skill level 5 in Throwing
 12304 | D:10     | Found Faippask's Jewellery Emporium.
 12312 | D:10     | Bought a ring of see invisible for 165 gold pieces
 12312 | D:10     | Bought the ring "Huiruefu" {*Corrode rPois rC+ Will+ Int+2}
                  | for 420 gold pieces
 12601 | D:11     | Noticed a cyclops
 12613 | D:10     | Killed a cyclops
 12785 | D:11     | Noticed a two-headed ogre
 13618 | D:12     | Noticed a skeletal warrior
 13618 | D:12     | Noticed a skeletal warrior
 13618 | D:12     | Noticed a skeletal warrior
 13723 | D:11     | Noticed a death yak
 13727 | D:11     | Noticed a death yak
 13727 | D:11     | Noticed a death yak
 14187 | D:10     | Identified a scroll of acquirement
 14187 | D:10     | Acquired the +1 hat "Yddimiss" {rC++ rCorr Int+2}
 14209 | D:10     | Learned a level 3 spell: Confusing Touch
 14212 | D:10     | Learned a level 2 spell: Passwall
 14283 | D:11     | Noticed a cyclops
 14294 | D:11     | Killed a cyclops
 14435 | D:11     | Noticed a death yak
 14491 | D:11     | Noticed a death yak
 14497 | D:11     | Noticed a death yak
 14505 | D:11     | Noticed a death yak
 14858 | D:11     | Noticed a two-headed ogre
 14881 | D:11     | Killed a two-headed ogre
 14882 | D:11     | Reached skill level 1 in Transmutations
 14882 | D:11     | Reached skill level 1 in Earth Magic
 14978 | D:11     | Found a staircase to the Lair.
 14987 | Lair:1   | Entered Level 1 of the Lair of Beasts
 15559 | Lair:1   | Reached XP level 12. HP: 21/75 MP: 15/18
 15560 | Lair:1   | Mangled by a komodo dragon

Illustrated notes

Levels and vault maps discovered:
D:1:      onia_arrival_pyramid, layout_basic,
          shapermc_ecumenical_altar_rom_forum, minmay_tromino_v4_b
D:2:      layout_rooms
D:3:      kennysheep_big_flooded_room, layout_loops_corners,
          ebering_ghost_sewer_d, uniq_robin, uniq_terence
D:4:      layout_loops_cross, mainiacjoe_overflow_alcove_3, serial_shops, shop
D:5:      layout_basic, grunt_temple_overflow_diamond,
          minmay_temple_entry_overgrown, goddamned_bats
D:6:      layout_loops_corners, cheibrodos_sewer_entry_bend, uniq_grinder
D:7:      layout_basic, serial_rivers, chequers_serial_rivers_micro_a,
          chequers_serial_rivers_room_b, chequers_serial_rivers_micro_d,
          chequers_serial_rivers_small_b, chequers_serial_rivers_micro_b,
          grunt_ministairs_9, chequers_garden, nrook_mini_backslash,
          minmay_checkerbox
D:8:      layout_cave_pools, serial_shops, shop
D:9:      layout_roguey, david_orc_4, gammafunk_ghost_hive, serial_ice,
          serial_ice_g, serial_ice_o, serial_ice_d, serial_ice_n, serial_ice_c,
          serial_ice_l, serial_ice_b, serial_ice_h, serial_ice_m, serial_ice_f
D:10:     layout_small_grid, serial_shops, nicolae_shop_hallway_stairs
D:11:     layout_gridville, dpeg_lair_monsters
D:12:     layout_long_grid, serial_shops, shop, shop, shop, shop, minivault_24
Lair:1:   layout_regular_city

Skill      XL: |  1  2  3  4  5  6  7  8  9 10 11 |
---------------+----------------------------------+-----
Stealth        | 2 3 4 5 7 8 9 10 | 10.9
Evocations     | 4 5 6 7 |  7.3
Dodging        | 3 4 5 6 |  6.6
Unarmed Combat | 1 2 3 4 6 8 10 | 10.4
Fighting       | 2 3 4 |  4.3
Throwing       | 2 3 8 |  8.0
Shields        | 1 |  1.0
Spellcasting   | 4 |  4.2
Transmutations | 2 |  2.0
Earth Magic    | 1 |  1.9
Hexes          | |  0.5

Action                     |  1- 3 |  4- 6 |  7- 9 | 10-12 || total
---------------------------+-------+-------+-------+-------++-------
  Melee: Unarmed           |    99 |   134 |   290 |   310 ||   833
         Constrict         |    25 |    37 |    59 |    33 ||   154
         Tentacles         |    17 |    29 |    80 |    93 ||   219
         Punch             |       |     4 |    11 |    31 ||    46
  Throw: Dart              |       |       |    14 |   128 ||   142
   Cast: Confusing Touch   |       |       |       |     3 ||     3
  Evoke: Wand              |     1 |    20 |    33 |    24 ||    78
    Use: Scroll            |       |       |     1 |    13 ||    14
   Stab: Sleeping          |     9 |    17 |    16 |    14 ||    56
         Distracted        |       |     1 |     3 |     2 ||     6
         Betrayed ally     |       |       |     1 |       ||     1
 Armour: Skin              |    11 |     6 |    14 |    11 ||    42
  Dodge: Dodged            |    78 |    74 |   236 |   182 ||   570
  Block: Other             |       |       |       |    39 ||    39
